 Dungeon Crawl Stone Soup version 0.21-a0-352-g5b8f553 (webtiles) character file.

17345 nikopol the Severer (level 12, -10/159 HPs)
             Began as a Hill Orc Fighter on Oct 10, 2017.
             Was a High Priest of Okawaru.
             Mangled by a 15-headed hydra (12 damage)
             ... on level 3 of the Lair of Beasts.
             The game lasted 00:37:12 (14265 turns).

nikopol the Severer (Hill Orc Fighter)             Turns: 14265, Time: 00:37:13

Health: -10/159    AC: 14    Str: 29    XL:     12   Next: 47%
Magic:  13/13      EV:  9    Int:  8    God:    Okawaru [*****.]
Gold:   464        SH: 20    Dex: 12    Spells: 11/11 levels left

rFire    . . .     SeeInvis .   v - +2 war axe (elec)
rCold    . . .     Gourm    .   C - +3 shield
rNeg     . . .     Faith    .   w - +0 chain mail
rPois    .         Spirit   .   (no helmet)
rElec    .         Reflect  +   R - +2 cloak
rCorr    .         Harm     .   (no gloves)
MR       .....                  (no boots)
Stlth    ..........             k - +4 amulet of reflection
HPRegen  0.36/turn              N - +2 ring of dexterity
MPRegen  0.13/turn              u - ring of stealth

@: berserking, very quick
A: no striking features
a: Heroism, Finesse, Renounce Religion


You were on level 3 of the Lair of Beasts.
You worshipped Okawaru.
Okawaru was extremely pleased with you.
You were not hungry.

You visited 3 branches of the dungeon, and saw 14 of its levels.

You collected 725 gold pieces.
You spent 261 gold pieces at shops.

Inventory:

Hand Weapons
 v - a +2 war axe of electrocution (weapon)
 J - a cursed +4 dire flail
Missiles
 b - 3 throwing nets (quivered)
Armour
 w - a +0 chain mail (worn)
 C - a +3 shield (worn)
 Q - a +2 ring mail of fire resistance
 R - a +2 cloak (worn)
Jewellery
 k - a +4 amulet of reflection (around neck)
 u - a ring of stealth (right hand)
 x - an uncursed ring of flight
 F - an uncursed amulet of rage
 N - a +2 ring of dexterity (left hand)
Wands
 y - a wand of iceblast (7/15)
 B - a wand of iceblast (15/15)
 D - a wand of flame (0/48)
 G - a wand of flame (24/48)
 K - a wand of flame (18/48)
 L - a wand of confusion (25/48)
Scrolls
 g - a scroll of brand weapon {unknown}
 j - 3 scrolls of enchant armour
 m - 5 scrolls of identify
 o - a scroll of fog
 p - a scroll of recharging
 q - 12 scrolls of teleportation
 r - 8 scrolls of remove curse
 s - 2 scrolls of blinking
 A - 2 scrolls of fear
 I - a scroll of amnesia
 M - 4 scrolls of magic mapping
Potions
 a - a potion of haste {unknown}
 d - a potion of might
 e - 4 potions of flight
 h - 2 potions of brilliance
 i - a potion of invisibility {unknown}
 l - 4 potions of curing
 E - a potion of agility
 O - 2 potions of mutation
 P - a potion of heal wounds
Comestibles
 f - 9 bread rations
 n - 3 royal jellies
 t - 8 fruits
 z - 2 meat rations


   Skills:
 + Level 9.6 Fighting
 + Level 15.6 Axes
 + Level 9.7 Armour
 + Level 2.5 Dodging
 + Level 1.7 Stealth
 + Level 11.6 Shields
 + Level 1.5 Invocations
 + Level 0.4 Evocations


You had 11 spell levels left.
You didn't know any spells.

Dungeon Overview and Level Annotations

Branches:
Dungeon (10/15)            Temple (1/1) D:6            Lair (3/6) D:8
    Orc (0/2) D:9
  Swamp: Lair:2-4    Shoals: Lair:2-4     Snake: Lair:2-4    Spider: Lair:2-4

Altars:
Ashenzari
Cheibriados
Dithmenos
Elyvilon
Fedhas
Gozag
Hepliaklqana
Kikubaaqudgha
Makhleb
Nemelex Xobeh
Okawaru
Qazlal
Ru
Sif Muna
Trog
Uskayaw
Vehumet
Wu Jian
Xom
Yredelemnul
Zin
The Shining One
Lugonu

Shops:
D:7 [

Annotations:
Lair:2 exclusion: oklob plant


Message History

The 13-headed hydra completely misses you.
You block the 13-headed hydra's attack. The 13-headed hydra bites you.
* * * LOW HITPOINT WARNING * * *
You block the 13-headed hydra's attack. The 13-headed hydra closely misses you.
The 13-headed hydra completely misses you.
You chop one of the 13-headed hydra's heads off!
The 12-headed hydra grows two more!
You slash the 14-headed hydra!
The 14-headed hydra is heavily wounded.
You chop one of the 14-headed hydra's heads off!
The 13-headed hydra grows two more!
You slash the 15-headed hydra!
The 15-headed hydra is severely wounded.
You block the 15-headed hydra's attack. x2
The 15-headed hydra bites you but does no damage.
The 15-headed hydra closely misses you. The 15-headed hydra bites you!
* * * LOW HITPOINT WARNING * * *
The 15-headed hydra bites you.
* * * LOW HITPOINT WARNING * * *
The 15-headed hydra bites you but does no damage. x2
The 15-headed hydra closely misses you. The 15-headed hydra bites you!
You die...

.....8.......
........... ...
8..>..8.. #... ..
.........### . #....
..# ..?8... ..##..
..... ....#.
...##....## .....
...#.#+D†#.<.....
..... ...#..@##.......
..... #.....#.......
..... #8.>.8........
..... ###.....##.###.#
##......P##P##.8.#..##
#......P#..(#.##..##
#.......#....## ..#
#......###..#.#...+
#.......##.........


You could see a 15-headed hydra.

Vanquished Creatures
  Harold (Lair:2)
  A hydra (Lair:1)
  Fannar (Lair:1)
  The ghost of SpeedyPerson7 the Cleaver, a novice MiBe of Trog (D:9)
  A black mamba (Lair:2)
  3 spiny frogs
  A rime drake (Lair:1)
  A troll (D:10)
  Prince Ribbit (D:8)
  10 blink frogs
  A hippogriff (Lair:2)
  Sigmund (D:6)
  A wyvern (D:10)
  28 yaks
  A hungry ghost (D:8)
  An acid dragon (D:9)
  2 water moccasins
  Duvessa (D:6)
  A porcupine (Lair:3)
  6 orc warriors
  2 sky beasts (D:10)
  A phantom (D:8)
  An eye of draining (D:10)
  4 ogres
  2 centaurs
  A crocodile (Lair:2)
  5 big kobolds
  Blork the orc (D:6)
  9 bullfrogs
  A gnoll sergeant (D:5)
  Dowan (D:6)
  2 scorpions (D:4)
  5 killer bees (D:8)
  6 wights
  2 howler monkeys
  10 jellies
  9 crimson imps
  A quasit (D:9)
  8 orc priests
  2 centaur zombies
  8 hounds
  11 orc wizards
  Terence (D:2)
  5 iguanas
  6 worker ants
  2 hound skeletons
  3 worker ant zombies
  4 gnolls
  14 adders
  2 shadow imps
  8 oozes (Lair:2)
  3 adder skeletons
  A worm (D:2)
  2 dart slugs
  5 leopard geckos
  42 orcs
  7 giant cockroaches
  7 goblins
  9 hobgoblins
  21 jackals
  6 quokkas
  6 bats
  6 frilled lizards
  A jackal skeleton (D:6)
  24 kobolds
  7 rats
  A fungus (Lair:1)
349 creatures vanquished.

Vanquished Creatures (others)
  2 kobolds
  5 fungi (Lair:2)
7 creatures vanquished.

Grand Total: 356 creatures vanquished

Notes
Turn   | Place    | Note
-------+----------+-------------------------------------------
     0 | D:1      | nikopol the Hill Orc Fighter began the quest for the Orb.
     0 | D:1      | Reached XP level 1. HP: 19/19 MP: 1/1
   221 | D:1      | Reached XP level 2. HP: 27/27 MP: 2/2
   709 | D:2      | Reached skill level 3 in Axes
   709 | D:2      | Reached XP level 3. HP: 20/33 MP: 3/3
   855 | D:2      | Found a glowing golden altar of the Shining One.
   932 | D:2      | Reached XP level 4. HP: 17/40 MP: 4/4
  1211 | D:2      | Noticed Terence
  1227 | D:2      | Killed Terence
  1227 | D:2      | Reached skill level 4 in Axes
  1387 | D:2      | Found an opulent altar of Gozag.
  1859 | D:3      | Reached XP level 5. HP: 32/47 MP: 5/5
  2395 | D:3      | Reached skill level 5 in Axes
  2450 | D:3      | Reached skill level 1 in Dodging
  2669 | D:4      | Reached XP level 6. HP: 43/53 MP: 6/6
  2830 | D:4      | Found a basalt altar of Yredelemnul.
  2851 | D:4      | Reached skill level 6 in Axes
  3374 | D:4      | Found a glowing golden altar of the Shining One.
  3376 | D:4      | Noticed an angel
  3412 | D:4      | Reached XP level 7. HP: 50/60 MP: 7/7
  3514 | D:4      | Reached skill level 5 in Armour
  3767 | D:4      | Reached skill level 7 in Axes
  3973 | D:5      | Entered Level 5 of the Dungeon
  3990 | D:5      | Found an ornate altar of the Wu Jian Council.
  4729 | D:5      | Reached skill level 5 in Fighting
  4998 | D:5      | Reached skill level 8 in Axes
  4998 | D:5      | Reached XP level 8. HP: 46/68 MP: 8/8
  5373 | D:5      | Found a sacrificial altar of Ru.
  5375 | D:5      | Found a deep blue altar of Sif Muna.
  5377 | D:5      | Found a hide-covered altar of Uskayaw.
  5558 | D:6      | Noticed Blork the orc
  5570 | D:5      | Reached skill level 5 in Shields
  5750 | D:5      | Reached skill level 9 in Axes
  6021 | D:6      | Noticed Sigmund
  6116 | D:6      | Found a staircase to the Ecumenical Temple.
  6127 | Temple   | Entered the Ecumenical Temple
  6316 | D:6      | Killed Blork the orc
  6337 | D:6      | Found a hazy altar of Hepliaklqana.
  6337 | D:6      | Noticed Duvessa
  6337 | D:6      | Noticed Dowan
  6345 | D:6      | Killed Duvessa
  6345 | D:6      | Reached skill level 1 in Stealth
  6345 | D:6      | Reached XP level 9. HP: 72/75 MP: 9/9
  6596 | D:6      | Killed Dowan
  6689 | D:6      | Killed Sigmund
  6689 | D:6      | Reached skill level 10 in Axes
  6760 | D:6      | Found a radiant altar of Vehumet.
  7226 | D:7      | Found an iron altar of Okawaru.
  7257 | D:7      | Became a worshipper of Warmaster Okawaru
  7505 | D:7      | Found Plog's Antique Armour Boutique.
  7514 | D:7      | Bought a bloodstained ring mail for 261 gold pieces
  7524 | D:7      | Identified the cursed +1 ring mail of Hairiness {rElec rF+ Int-5 Dex+2} (You bought it in a shop on level 7 of the Dungeon)
  7573 | D:7      | Found a sacrificial altar of Ru.
  8000 | D:7      | Reached skill level 11 in Axes
  8505 | D:8      | Reached * piety under Okawaru
  8505 | D:8      | Reached XP level 10. HP: 73/84 MP: 10/10
  8519 | D:7      | Reached skill level 12 in Axes
  8604 | D:8      | Found a burning altar of Makhleb.
  8606 | D:8      | Found a shimmering altar of Xom.
  8860 | D:8      | Found a stormy altar of Qazlal.
  8882 | D:8      | Found a staircase to the Lair.
  9277 | D:8      | Reached ** piety under Okawaru
  9306 | D:8      | Noticed Prince Ribbit
  9316 | D:8      | Killed Prince Ribbit
  9513 | D:9      | Found a snail-covered altar of Cheibriados.
  9891 | D:9      | Found a sparkling altar of Nemelex Xobeh.
  9930 | D:9      | Noticed SpeedyPerson7's ghost (novice MiBe)
  9949 | D:9      | Killed SpeedyPerson7's ghost
  9949 | D:9      | Reached skill level 13 in Axes
 10060 | D:9      | Reached *** piety under Okawaru
 10075 | D:9      | Found a staircase to the Orcish Mines.
 10225 | D:10     | Entered Level 10 of the Dungeon
 10316 | D:10     | Reached XP level 11. HP: 94/94 MP: 11/11
 10424 | D:10     | Reached skill level 10 in Shields
 10878 | D:10     | Reached **** piety under Okawaru
 10878 | D:10     | Reached skill level 14 in Axes
 11105 | Lair:1   | Entered Level 1 of the Lair of Beasts
 11105 | Lair:1   | Noticed a five-headed hydra
 11132 | Lair:1   | Killed a ten-headed hydra
 11228 | Lair:1   | Noticed Fannar
 11243 | Lair:1   | Killed Fannar
 11418 | Lair:1   | Reached ***** piety under Okawaru
 11425 | Lair:1   | Reached skill level 1 in Invocations
 12662 | Lair:2   | Reached XP level 12. HP: 100/104 MP: 13/13
 12837 | Lair:2   | Reached skill level 15 in Axes
 13093 | Lair:2   | Received a gift from Okawaru
 13998 | Lair:2   | Noticed Harold
 14022 | Lair:2   | Killed Harold
 14244 | Lair:3   | Noticed a four-headed hydra
 14265 | Lair:3   | HP: 5/159 [15-headed hydra (8)]
 14265 | Lair:3   | HP: 2/159 [15-headed hydra (3)]
 14265 | Lair:3   | Mangled by a 15-headed hydra

Vault maps used:
D:1:      saegor_arrival_simple_d
D:2:      cheibrodos_old_hovel, overflow_temple_1_default, tso_metal_star,
          uniq_terence
D:4:      cheibrodos_pilgrimage, grunt_temple_overflow_holy_war
D:5:      minitemple, nicolae_overflow_crystal_walls, first_bread, minmay_bent
D:6:      vehumet_altar_wand_db, old_standard_altar,
          minmay_temple_entry_crystal_x, sword_in_stone, uniq_sigmund,
          uniq_duvessa
D:7:      overflow_temple_1_default, serial_shops, shop,
          nicolae_ru_great_annihilating_truth
D:8:      grunt_temple_overflow_champion_of_chaos, kennysheep_mini,
          lair_entry_dummy, nicolae_ossuary_entry_monument, uniq_prince_ribbit1
D:9:      lemuel_crystal_altar, lemuel_crystal_altar, hiddenorc1_lemuel
Temple:   corrupted_temple
Lair:1:   uniq_fannar
Lair:2:   lemuel_slime, uniq_harold
Lair:3:   wad_woods_road_01, beast_lair_carwin_4, grunt_megastairs_3,
          lemuel_fruit_tree

Skill      XL: |  1  2  3  4  5  6  7  8  9 10 11 12 |
---------------+-------------------------------------+-----
Fighting       | 4 5 6 8 9 |  9.6
Axes           | 3 4 5 6 8 9 11 13 14 15 | 15.6
Armour         | 4 5 7 8 9 |  9.7
Dodging        | 1 2 |  2.5
Shields        | 4 5 7 9 11 | 11.6
Stealth        | 1 |  1.7
Invocations    | 1 |  1.5
Evocations     | |  0.4

Action                   |  1- 3 |  4- 6 |  7- 9 | 10-12 || total
-------------------------+-------+-------+-------+-------++-------
Melee: War axe           |    70 |   181 |   300 |   566 ||  1117
Invok: Heroism           |       |       |       |     1 ||     1
 Abil: Evoke Berserk Rag |       |       |       |     1 ||     1
  Use: Scroll            |       |       |    16 |     6 ||    22
       Potion            |       |       |       |     1 ||     1
 Stab: Paralysed         |       |       |     1 |       ||     1
  Eat: Chunk             |       |     8 |    17 |    20 ||    45
       Fruit             |       |       |       |     1 ||     1
Armor: Scale mail        |    26 |    66 |       |       ||    92
       Chain mail        |       |    32 |    71 |   100 ||   203
Dodge: Dodged            |    17 |    49 |    51 |    93 ||   210
Block: Shield            |    42 |   100 |   177 |   413 ||   732
       Reflection        |       |       |    14 |    16 ||    30

Table legend:
 A = Spawn XP
 B = Non-spawn XP
 C = Spawn XP percentage of total XP
 D = Spawn monster count
 E = Non-spawn monster count
 F = Spawn count percentage of total count
 G = Total turns spent on level
                    A         B        C        D         E        F      G
               +---------+---------+-------+---------+---------+-------+---------
         Total |       0 |   24779 |   0.0 |       0 |     349 |   0.0 | 14265
               +---------+---------+-------+---------+---------+-------+---------
           D:1 |       0 |      27 |   0.0 |       0 |      14 |   0.0 |   680
           D:2 |       0 |     129 |   0.0 |       0 |      27 |   0.0 |  1171
           D:3 |       0 |     144 |   0.0 |       0 |      22 |   0.0 |  1091
           D:4 |       0 |     593 |   0.0 |       0 |      32 |   0.0 |  1031
           D:5 |       0 |    1176 |   0.0 |       0 |      23 |   0.0 |  2305
           D:6 |       0 |     895 |   0.0 |       0 |      16 |   0.0 |   870
           D:7 |       0 |    1600 |   0.0 |       0 |      39 |   0.0 |  1172
           D:8 |       0 |    2498 |   0.0 |       0 |      38 |   0.0 |  1336
           D:9 |       0 |    1996 |   0.0 |       0 |      44 |   0.0 |   647
          D:10 |       0 |    3583 |   0.0 |       0 |      37 |   0.0 |   769
        Lair:1 |       0 |    5673 |   0.0 |       0 |      17 |   0.0 |  1468
        Lair:2 |       0 |    6169 |   0.0 |       0 |      38 |   0.0 |  1597
        Lair:3 |       0 |     296 |   0.0 |       0 |       2 |   0.0 |    78
               +---------+---------+-------+---------+---------+-------+---------
